 Dungeon Crawl Stone Soup version 0.29-a0-214-g17f627cfee (webtiles) character file.

Game seed: 8464009496551025332

62 bande the Covered (level 4, -2/29 HPs)
             Began as a Gargoyle Fighter on Feb 25, 2022.
             Killed from afar by Crazy Yiuf (3 damage)
             ... with a puff of flame
             ... on level 2 of the Dungeon.
             The game lasted 00:02:51 (2278 turns).

bande the Covered (Gargoyle Fighter)                Turns: 2278, Time: 00:02:52

Health: -2/29      AC: 11    Str: 20    XL:     4   Next: 8%
Magic:  4/4        EV: 12    Int:  8    God:
Gold:   97         SH:  8    Dex: 11    Spells: 3/3 levels left

rFire   . . .      SeeInvis .   a - +0 war axe
rCold   . . .      Faith    .   g - +0 kite shield
rNeg    + . .      Spirit   .   b - +0 scale mail
rPois   ∞          Reflect  .   n - +0 helmet
rElec   +          Harm     .   (no cloak)
rCorr   .          Rampage  .   (no gloves)
Will    .....                   (no boots)
Stlth   ..........              (no amulet)
HPRegen 0.09/turn               f - +4 ring of evasion
MPRegen 0.09/turn               (no ring)

@: on berserk cooldown, slowed, very slow
A: sickness immunity, AC +3, negative energy resistance 1, electricity
resistance, torment resistance 1, petrification resistance
a: no special abilities


You were on level 2 of the Dungeon.
You visited 1 branch of the dungeon, and saw 2 of its levels.

You collected 97 gold pieces.

Inventory:

Hand Weapons
 a - a +0 war axe (weapon)
Armour
 b - a +0 scale mail (worn)
 g - a +0 kite shield (worn)
 n - a +0 helmet (worn)
Jewellery
 f - a +4 ring of evasion (left hand)
Scrolls
 c - 3 scrolls of blinking {unknown}
 e - a scroll of noise {unknown}
 h - a scroll of fear {unknown}
 i - a scroll of silence {unknown}
 j - 2 scrolls of vulnerability {unknown}
 k - a scroll of amnesia {unknown}
 l - a scroll of identify {unknown}
 o - 2 scrolls of magic mapping {unknown}
Potions
 d - a potion of might
 m - 2 potions of curing {unknown}


   Skills:
 + Level 3.8 Fighting
 + Level 2.6 Axes
 + Level 3.9 Armour
 + Level 3.7 Shields


You had 3 spell levels left.
You didn't know any spells.
Your spell library contained the following spells:

 Spells                   Type           Power      Damage    Failure   Level
 Sandblast                Erth           0%         2d4       98%         1
 Passwall                 Tmut/Erth      0%         N/A       99%         2
 Gell's Gravitas          Tloc           0%         N/A       100%        3
 Stone Arrow              Conj/Erth      0%         3d7       100%        3
 Teleport Other           Tloc           0%         N/A       100%        3
 Dispersal                Tloc           0%         N/A       100%        6


Dungeon Overview and Level Annotations

Branches:
Dungeon (2/15)

Altars:

Annotations:
D:2 Crazy Yiuf


Innate Abilities, Weirdness & Mutations

You are immune to sickness and miasma.
Your stone body is resilient. (AC +3)
You are immune to poison.
You resist negative energy. (rN+)
You are resistant to electric shocks. (rElec)
You are resistant to unholy torment.
You are immune to petrification.


Message History

Crazy Yiuf laughs, "Seed shoe childish!"
No reachable target in view!
You open the door.
Crazy Yiuf zaps a wand.
The puff of flame hits you! You block Crazy Yiuf's attack.
There is an open translucent door here.
You barely miss Crazy Yiuf.
Crazy Yiuf hits you with a +3 quarterstaff of chaos!
A red film seems to cover your vision as you go berserk!
You feel yourself moving faster!
You feel mighty! Crazy Yiuf barely misses you.
You slash Crazy Yiuf!
Crazy Yiuf is moderately wounded.
Crazy Yiuf grits, "Hah!
Tonal wrapper down."
Crazy Yiuf hits you with a +3 quarterstaff of chaos!
* * * LOW HITPOINT WARNING * * *
You are confused.
You bump into the stone wall.
Crazy Yiuf cries, "You leg down broken song, no?"
Crazy Yiuf zaps a wand.
The puff of flame hits you.
* * * LOW HITPOINT WARNING * * *
You bump into the stone wall.
You feel a strong urge to attack something.
You miss Crazy Yiuf.
Crazy Yiuf is moderately wounded.
Crazy Yiuf zaps a wand.
The puff of flame misses you.
You are too berserk!
Crazy Yiuf barely misses you.
You feel a strong urge to attack something.
Crazy Yiuf zaps a wand.
The puff of flame hits you.
* * * LOW HITPOINT WARNING * * *
You are no longer berserk.
You are exhausted.
You feel yourself slow down.
You feel less confused. You block Crazy Yiuf's attack.
Crazy Yiuf hits you but does no damage. You block Crazy Yiuf's attack.
You barely miss Crazy Yiuf.
Crazy Yiuf is moderately wounded.
You block Crazy Yiuf's attack.
Crazy Yiuf zaps a wand.
The puff of flame hits you.
You die...

....#
#..........####.##.......
....#
#..........'....##.......
....#
#..........#######.......
....# #......#####
#....... ....# #..#####
#######. ....# #..# #.
##### #.<# #. #### #####
♣♣#######. #).@#♣♣
♣♣.........
#..g'.♣♣♣♣P.....####
#...#♣..♣...........
#####♣♣♣.♣.P..######
♣♣♣♣♣##...... #######


You could see Crazy Yiuf.

Vanquished Creatures
  Robin (D:2)
  A worm (D:2)
  4 ball pythons
  An endoplasm (D:2)
  5 giant cockroaches
  9 goblins
  9 hobgoblins
  2 quokkas
  2 frilled lizards (D:2)
  4 kobolds
  5 rats
43 creatures vanquished.

Notes
Turn   | Place    | Note
-------+----------+-------------------------------------------
     0 | D:1      | bande the Gargoyle Fighter began the quest for the Orb.
     0 | D:1      | Reached XP level 1. HP: 14/14 MP: 1/1
   173 | D:1      | Reached XP level 2. HP: 15/19 MP: 2/2
   415 | D:1      | Found a faded altar of an unknown god.
   933 | D:2      | Reached XP level 3. HP: 21/23 MP: 3/3
  1403 | D:2      | Noticed Robin
  1430 | D:2      | Killed Robin
  1680 | D:2      | Reached XP level 4. HP: 28/29 MP: 4/4
  1831 | D:2      | Found a runed translucent door.
  1832 | D:2      | Noticed Crazy Yiuf
  2274 | D:2      | HP: 1/43 [Crazy Yiuf/puff of flame (6)]
  2278 | D:2      | Killed from afar by Crazy Yiuf

Illustrated notes

Levels and vault maps discovered:
D:1:      dpeg_arrival_chambers_temple_mockup, layout_basic,
          shapermc_ecumenical_altar_mp_vishouse, minmay_misc_feat_x,
          nicolae_concentric_dashed_squares_wild
D:2:      layout_basic, uniq_crazy_yiuf_cottage, uniq_robin

Skill      XL: |  1  2 |
---------------+-------+-----
Axes           | 2 |  2.6
Fighting       | |  3.8
Armour         | |  3.9
Shields        | |  3.7

Action                   |  1- 3 |  4- 6 || total
-------------------------+-------+-------++-------
Melee: War axe           |   106 |    32 ||   138
Armor: Scale mail        |    43 |    12 ||    55
Dodge: Dodged            |    51 |    20 ||    71
Block: Buckler           |     3 |       ||     3
       Kite shield       |    24 |    13 ||    37

Table legend: (Time is in decaauts)
 A = Elapsed time spent in this place.
 B = Non-inter-level travel time spent in this place.
 C = Inter-level travel time spent in this place.
 D = Time resting spent in this place.
 E = Time spent auto-exploring this place.
 F = Levels seen in this place.
 G = Mean time per level.
                   A        B        C        D        E       F      G
               +--------+--------+--------+--------+--------+-----+--------+
         Total |   2349 |   2291 |     58 |    136 |   1778 |   2 | 1174.5 |
       Dungeon |   2349 |   2291 |     58 |    136 |   1778 |   2 | 1174.5 |
               +--------+--------+--------+--------+--------+-----+--------+

Top non-repeatable levels by time:
     D:2: 1471 daAuts
     D:1: 877 daAuts
